 Dungeon Crawl Stone Soup version 0.30-a0-777-ga9a30cbeda (webtiles) character file.

Game seed: 12387003331397893947

371 DEFE the Slasher (level 6, -9/44 HPs)
             Began as a Demonspawn Wanderer on Feb 14, 2023.
             Mangled by a two-headed ogre
             ... wielding a +0 dire flail of holy wrath
              (17 damage)
             ... on level 4 of the Dungeon.
             The game lasted 00:03:02 (2646 turns).

DEFE the Slasher (Demonspawn Wanderer)              Turns: 2646, Time: 00:03:02

Health: -9/44      AC: 10    Str: 13    XL:     6   Next: 42%
Magic:  7/7        EV:  2    Int: 10    God:
Gold:   201        SH:  5    Dex: 17    Spells: 7/7 levels left

rFire   . . .      SeeInvis .    a - +2 falchion
rCold   . . .      Faith    .    (no shield)
rNeg    . . .      Spirit   .    n - +0 chain mail
rPois   .          Reflect  +    (no helmet)
rElec   .          Harm     .    (no cloak)
rCorr   .          Rampage  .    (no gloves)
Will    .....                    (no boots) Stlth
                                 l - amulet of reflection
HPRegen 0.27/turn                (no ring)
MPRegen 0.20/turn                (no ring)

@: constricted
A: molten scales 1, powered by death 2, magic regeneration, demonic touch 1
a: no special abilities


You were on level 4 of the Dungeon.
You visited 1 branch of the dungeon, and saw 4 of its levels.

You collected 201 gold pieces.

Inventory:

Hand Weapons
 a - a +2 falchion (weapon)
Armour
 e - a +0 leather armour
 i - a +0 ring mail
 n - a +0 chain mail (worn)
Jewellery
 l - an amulet of reflection (around neck)
 p - a ring of magical power
Wands
 c - a wand of polymorph (6) (quivered)
Scrolls
 b - a scroll of silence
 d - a scroll of fear
 h - 2 scrolls of magic mapping {unknown}
 j - a scroll of identify {unknown}
 k - a scroll of amnesia {unknown}
 m - 3 scrolls of blinking {unknown}
 o - 3 scrolls of teleportation {unknown}
 t - a scroll of enchant armour {unknown}
 u - a scroll of enchant weapon {unknown}
Potions
 f - 2 potions of curing
 g - a potion of haste {unknown}
 q - a potion of heal wounds {unknown}
 r - a potion of invisibility {unknown}
 s - a potion of flight {unknown}


   Skills:
 + Level 1.9 Fighting
 - Level 7.2 Long Blades
 - Level 1.0 Throwing
 - Level 1.0 Stealth
 + Level 1.3 Unarmed Combat
 - Level 1.0 Spellcasting
 - Level 1.0 Evocations


You had 7 spell levels left.
You didn't know any spells.
Your spell library contained the following spells:

 Spells                   Type           Power      Damage    Failure   Level
 Sandblast                Erth           0%         2d4       100%        1
 Cigotuvi's Dreadful Rot  Necr/Pois/Air  0%         N/A       100%        2
 Passwall                 Tmut/Erth      0%         N/A       100%        2
 Poisonous Vapours        Pois/Air       0%         N/A       100%        2
 Mephitic Cloud           Conj/Pois/Air  0%         N/A       100%        3
 Spider Form              Tmut/Pois      0%         N/A       100%        3
 Stone Arrow              Conj/Erth      0%         3d7       100%        3
 Petrify                  Tmut/Erth      0%         N/A       100%        4
 Alistair's Intoxication  Tmut/Pois      0%         N/A       100%        5


Dungeon Overview and Level Annotations

Branches:
Dungeon (4/15)
 Temple: D:4-7

Altars:
Cheibriados
Vehumet


Innate Abilities, Weirdness & Mutations

You are partially covered in molten scales. (AC +2)
You regenerate health from kills.
You regenerate magic rapidly.
Your touch may inflict minor irresistible damage on your foes.


Message History

Okay, then.
Okay, then.
Okay, then.
There is an open door here.
Items here: )) ††††.
Found a ring of magical power.
There is an open door here.
Things that are here:
a +0 dagger; 3 stones You see here a +0 whip.
A ball python comes into view.
The ball python bites you but does no damage.
The ball python barely misses you.
You closely miss the ball python.
The ball python bites you but does no damage.
The ball python grabs you. The ball python constricts you.
Unknown command.
You slash the two-headed ogre!
You touch the two-headed ogre!
The ball python bites you but does no damage.
The ball python constricts you. You block the two-headed ogre's attack.
The two-headed ogre hits you with a +0 giant club!!
Ouch! That really hurt!
You take 23 damage, and have 21/44 hp.
MASSIVE DAMAGE!!
Unknown command.
You barely miss the two-headed ogre. The ball python bites you.
The ball python constricts you.
You take 1 damage, and have 20/44 hp.
Unknown command.
Unknown command.
Okay, then.
You feel better.
The ball python bites you but does no damage.
The ball python constricts you.
The two-headed ogre hits you with a +0 dire flail of holy wrath!
You convulse!
* * * LOW HITPOINT WARNING * * *
The two-headed ogre hits you with a +0 giant club!
You die...

. #....# .## #....#
... #....# ...
#....# #..##
##....##
#..#####......##
#.....(...##..#
##....)...###S##
+#.........# #.@###
##..........# ##.O.#
#.........########.#
..#########)....O..#
.## #.....)).....###
#####.....#†.....#
###.#.....#......#
....#.....#......#
.##.#.....#......#


You could see a two-headed ogre and a ball python.

Vanquished Creatures
  A scorpion (D:4)
  An orc priest (D:4)
  A hound (D:4)
  2 iguanas (D:4)
  2 orc wizards
  2 gnolls
  3 adders
  2 worms
  A dart slug (D:4)
  9 orcs
  7 ball pythons
  12 endoplasms
  6 giant cockroaches
  5 goblins
  3 hobgoblins
  9 jackals
  7 kobolds
  2 quokkas
  9 bats
  2 frilled lizards
  5 rats
91 creatures vanquished.

Notes
Turn   | Place    | Note
-------+----------+-------------------------------------------
     0 | D:1      | DEFE the Demonspawn Wanderer began the quest for the Orb.
     0 | D:1      | DEFE set off with the following items: a +2 falchion, a
                  | scroll of silence, a wand of polymorph (7), a scroll of
                  | fear, a +0 leather armour.
     0 | D:1      | Reached XP level 1. HP: 15/15 MP: 2/2
    37 | D:1      | Found a faded altar of an unknown god.
    85 | D:1      | Gained mutation: You regenerate magic rapidly. [demonic
                  | ancestry]
    85 | D:1      | Reached XP level 2. HP: 19/21 MP: 3/3
   100 | D:1      | Reached skill level 5 in Long Blades
   279 | D:1      | Got the Octavo of Variation
   380 | D:1      | Gained mutation: You regenerate a little health from kills.
                  | [demonic ancestry]
   380 | D:1      | Reached XP level 3. HP: 22/26 MP: 4/4
  1082 | D:2      | Found a snail-covered altar of Cheibriados.
  1622 | D:3      | Gained mutation: You regenerate health from kills. [demonic
                  | ancestry]
  1622 | D:3      | Reached XP level 4. HP: 32/32 MP: 5/5
  1714 | D:3      | Reached skill level 6 in Long Blades
  1948 | D:3      | Found a radiant altar of Vehumet.
  2193 | D:4      | Gained mutation: You are partially covered in molten
                  | scales. (AC +2) [demonic ancestry]
  2193 | D:4      | Reached XP level 5. HP: 34/37 MP: 6/6
  2405 | D:4      | Reached skill level 7 in Long Blades
  2405 | D:4      | Gained mutation: Your touch may inflict minor irresistible
                  | damage on your foes. [demonic ancestry]
  2405 | D:4      | Reached XP level 6. HP: 21/43 MP: 7/7
  2529 | D:4      | Noticed a two-headed ogre
  2576 | D:4      | Reached skill level 1 in Unarmed Combat
  2646 | D:4      | Mangled by a two-headed ogre

Illustrated notes

Levels and vault maps discovered:
D:1:      minmay_arrival_four_loops, layout_basic,
          shapermc_ecumenical_altar_starsandcircs, minmay_tromino_v4_b
D:2:      layout_loops_ring, serial_aquarium, aquarium_bridge_square
          [aquarium_subvault_bridge, aquarium_subvault_window,
          aquarium_subvault_window, aquarium_subvault_bridge],
          aquarium_window_2, aquarium_window_corner, aquarium_window_fake,
          aquarium_view_2f, basic_altar
D:3:      layout_rooms, nicolae_vehumet_altar_sigil
D:4:      minmay_clustersquares, layout_rooms, good_gods_temple_1,
          grunt_qazlal_sundering, nemelex_diamond_rough_becter, minivault_11

Skill      XL: |  1  2  3  4  5  6 |
---------------+-------------------+-----
Long Blades    | 5 6 7 |  7.2
Unarmed Combat | 1 |  1.3
Fighting       | |  1.9
Throwing       | |  1.0
Stealth        | |  1.0
Spellcasting   | |  1.0
Evocations     | |  1.0

Action                     |  1- 3 |  4- 6 || total
---------------------------+-------+-------++-------
  Melee: Falchion          |   139 |   152 ||   291
         Touch             |       |     5 ||     5
  Evoke: Wand              |       |     1 ||     1
    Use: Potion            |       |     2 ||     2
   Stab: Sleeping          |     3 |       ||     3
 Armour: Leather armour    |    15 |       ||    15
         Chain mail        |    26 |    73 ||    99
         Ring mail         |    25 |       ||    25
  Dodge: Dodged            |    64 |    18 ||    82
  Block: Other             |     1 |    18 ||    19
         Reflection        |       |     1 ||     1

Table legend: (Time is in decaauts)
 A = Elapsed time spent in this place.
 B = Non-inter-level travel time spent in this place.
 C = Inter-level travel time spent in this place.
 D = Time resting spent in this place.
 E = Time spent auto-exploring this place.
 F = Levels seen in this place.
 G = Mean time per level.
                   A        B        C        D        E       F      G
               +--------+--------+--------+--------+--------+-----+--------+
         Total |   2646 |   2561 |     85 |    365 |   1564 |   4 |  661.5 |
       Dungeon |   2646 |   2561 |     85 |    365 |   1564 |   4 |  661.5 |
               +--------+--------+--------+--------+--------+-----+--------+

Top non-repeatable levels by time:
     D:1: 810 daAuts
     D:2: 700 daAuts
     D:3: 640 daAuts
     D:4: 494 daAuts
